 Dungeon Crawl Stone Soup version 0.26.1-11-gd32895ea62 (webtiles) character file.

Game seed: 1846887524634684598

239 Denhark the Cutter (level 6, 0/42 HPs)
             Began as a Halfling Berserker on June 10, 2021.
             Was a Believer of Trog.
             Slain by a gnoll
             ... wielding a +0 flail
              (7 damage)
             ... on level 4 of the Dungeon.
             The game lasted 00:14:39 (4805 turns).

Denhark the Cutter (Halfling Berserker)             Turns: 4805, Time: 00:14:40

Health: 0/42       AC:  9    Str: 19 (20) XL:     6   Next: 29%
Magic:  6/6        EV: 11    Int:  5      God:    Trog [**....]
Gold:   202        SH:  0    Dex: 14      Spells: 5/5 levels left

rFire    . . .     SeeInvis .   a - +1 short sword
rCold    . . .     Faith    .   (shield restricted)
rNeg     . . .     Spirit   .   b - +0 chain mail
rPois    .         Reflect  .   e - +0 hat
rElec    .         Harm     .   (no cloak)
rCorr    .         Rampage  .   (no gloves)
Will     +....                  (no boots)
Stlth    ..........             d - amulet of the acrobat
HPRegen  0.14/turn              c - ring of willpower
MPRegen  0.10/turn              (no ring)

@: berserk cooldown, slowed, very slow
A: small, mutation resistance 1
a: Renounce Religion, Berserk, Trog's Hand


You were on level 4 of the Dungeon.
You worshipped Trog.
Trog was pleased with you.
You visited 1 branch of the dungeon, and saw 4 of its levels.

You collected 202 gold pieces.

Inventory:

Hand Weapons
 a - a +1 short sword (weapon)
Armour
 b - a +0 chain mail (worn)
 e - a +0 hat (worn)
Jewellery
 c - a ring of willpower (left hand)
 d - an amulet of the acrobat (around neck)
 n - an uncursed ring of resist corrosion {unknown}
Scrolls
 f - a scroll of remove curse
 h - a scroll of teleportation
 j - a scroll of amnesia
 l - a scroll of identify
Potions
 g - a potion of curing
 i - a potion of degeneration


   Skills:
 + Level 3.5 Fighting
 + Level 5.7 Short Blades
 * Level 4.2 Armour
 + Level 2.6 Dodging


You had 5 spell levels left.
You didn't know any spells.
Your spell library was empty.

Dungeon Overview and Level Annotations

Branches:
Dungeon (4/15)             Temple (0/1) D:4

Altars:
Dithmenos
Gozag
Hepliaklqana
Nemelex Xobeh
Uskayaw


Innate Abilities, Weirdness & Mutations

You are small and have problems with some larger weapons.
You are somewhat resistant to further mutation.


Message History

The gnoll hits you with a +0 whip. The gnoll barely misses you. x2
The gnoll shaman hits you but does no damage.
The gnoll hits you but does no damage.
You hit the gnoll shaman but do no damage.
The gnoll shaman is heavily wounded.
The gnoll hits you with a +0 whip.
* * * LOW HITPOINT WARNING * * *
The gnoll barely misses you. x2; The gnoll hits you but does no damage.
The gnoll shaman hits you with a +0 whip.
* * * LOW HITPOINT WARNING * * *
The gnoll hits you but does no damage.
You hit the gnoll shaman but do no damage.
The gnoll shaman is heavily wounded.
The gnoll hits you with a +0 whip.
* * * LOW HITPOINT WARNING * * *
The gnoll closely misses you. The gnoll barely misses you.
The gnoll closely misses you.
The gnoll shaman hits you but does no damage.
The gnoll hits you but does no damage. The gnoll hits you with a +0 flail!
You die...

#..............#,....,,,,*
#..........[...#,,,,,,,,,*
#..............##*****,***
#............#..# *,,,*
##############..####.#**
#...(...#
**########..#####
*,.......gg>#
*,.....gg@..#
*,.......g..#
*,..........#
**###########


You could see a gnoll shaman and 4 gnolls.

Vanquished Creatures
  A phantom (D:4)
  An orc priest (D:4)
  An orc wizard (D:4)
  2 adders (D:3)
  A gnoll (D:4)
  An ooze (D:1)
  5 worms
  2 dart slugs (D:2)
  A leopard gecko (D:3)
  9 orcs
  4 bats
  7 giant cockroaches
  7 goblins
  5 hobgoblins
  3 kobolds
  6 rats
56 creatures vanquished.

Notes
Turn   | Place    | Note
-------+----------+-------------------------------------------
     0 | D:1      | Denhark the Halfling Berserker began the quest for the Orb.
     0 | D:1      | Reached XP level 1. HP: 15/15 MP: 1/1
   339 | D:1      | Reached XP level 2. HP: 13/20 MP: 2/2
   737 | D:1      | Reached skill level 4 in Short Blades
   828 | D:1      | You fall into a shaft and drop 1 floor!
   853 | D:2      | Reached XP level 3. HP: 26/26 MP: 3/3
  1314 | D:2      | Found an opulent altar of Gozag.
  1495 | D:2      | Reached ** piety under Trog
  2120 | D:3      | Found a hide-covered altar of Uskayaw.
  2133 | D:3      | Reached XP level 4. HP: 28/31 MP: 4/4
  2567 | D:3      | Found a hazy altar of Hepliaklqana.
  2568 | D:3      | Found a sparkling altar of Nemelex Xobeh.
  2643 | D:3      | Found a shadowy altar of Dithmenos.
  2991 | D:4      | Got a twisted leather armour
  3002 | D:4      | Reached XP level 5. HP: 29/36 MP: 5/5
  3076 | D:4      | Reached skill level 5 in Short Blades
  3129 | D:4      | Found a staircase to the Ecumenical Temple.
  4407 | D:4      | Noticed a phantom
  4543 | D:4      | Killed a phantom
  4544 | D:4      | Reached XP level 6. HP: 15/42 MP: 6/6
  4805 | D:4      | Slain by a gnoll

Illustrated notes

Levels and vault maps discovered:
D:1:      dpeg_arrival_houses_and_road, layout_basic
D:2:      layout_loops_ring, lemuel_round_altar, roderic_serpentine_path
D:3:      layout_loops_ring, lemuel_coloured_pillars_altar,
          nicolae_overflow_crystal_walls, gammafunk_temple_overflow_statue
D:4:      layout_basic, minmay_temple_entry_mini_moons

Skill      XL: |  1  2  3  4  5 |
---------------+----------------+-----
Fighting       | 3 |  3.5
Short Blades   | 4 5 |  5.7
Armour         | 3 4 |  4.2
Dodging        | |  2.6

Action                   |  1- 3 |  4- 6 || total
-------------------------+-------+-------++-------
Melee: Short sword       |   125 |   134 ||   259
Invok: Berserk           |     1 |     4 ||     5
  Use: Scroll            |     5 |     4 ||     9
       Potion            |     5 |     2 ||     7
Armor: Animal skin       |     5 |       ||     5
       Chain mail        |    20 |    59 ||    79
       Ring mail         |     1 |       ||     1
Dodge: Dodged            |    80 |    86 ||   166
